 Dungeon Crawl Stone Soup version 0.28-a0-1510-gd0f6b136d3 (webtiles) character file.

Game seed: 3638249488060896735

12 croobank the Insei (level 2, 0/18 HPs)
             Began as an Octopode Transmuter on Jan 15, 2022.
             Slain by a hobgoblin (2 damage)
             ... on level 1 of the Dungeon.
             The game lasted 00:02:03 (462 turns).

croobank the Insei (Octopode Transmuter)             Turns: 462, Time: 00:02:04

Health: 0/18       AC:  1    Str:  9    XL:     2   Next: 33%
Magic:  5/5        EV: 13    Int: 15    God:
Gold:   41         SH:  0    Dex: 12    Spells: 2/5 levels left

rFire   . . .      SeeInvis .   d - +0 short sword
rCold   . . .      Faith    .   (no shield)
rNeg    . . .      Spirit   .   (helmet restricted)
rPois   .          Reflect  .   (no amulet)
rElec   .          Harm     .   (no ring)
rCorr   .          Rampage  .   (no ring)
Will    .....                   (no ring)
Stlth   ++........              (no ring)
HPRegen 0.06/turn               (no ring)
MPRegen 0.09/turn               (no ring)
                                (no ring)
                                (no ring)

@: attractive
A: almost no armour, amphibious, 8 rings, camouflage 1, gelatinous body 1,
(nimble swimmer 1), tentacles
a: no special abilities


You were on level 1 of the Dungeon.
You visited 1 branch of the dungeon, and saw 1 of its levels.

You collected 41 gold pieces.

Inventory:

Hand Weapons
 b - a +0 hunting sling
 d - a +0 short sword (weapon)
Missiles
 a - 42 stones


   Skills:
 + Level 1.3 Fighting
 + Level 0.2 Short Blades
 + Level 2.2 Dodging
 - Level 3.1 Unarmed Combat
 + Level 2.1 Spellcasting
 + Level 2.2 Transmutations


You had 2 spell levels left.
You knew the following spells:

 Your Spells              Type           Power      Damage    Failure   Level
a - Beastly Appendage     Tmut           16%        N/A       9%          1
b - Wereblood             Tmut           8%         N/A       14%         2

Your spell library contained the following spells:

 Spells                   Type           Power      Damage    Failure   Level
 Spider Form              Tmut/Pois      4%         N/A       38%         3
 Ice Form                 Ice/Tmut       4%         N/A       80%         4
 Alistair's Intoxication  Tmut/Pois      2%         N/A       98%         5
 Borgnjor's Vile Clutch   Necr/Erth      0%         N/A       99%         5
 Eringya's Noxious Bog    Tmut/Pois      2%         N/A       100%        6


Dungeon Overview and Level Annotations

Branches:
Dungeon (1/15)

Altars:


Innate Abilities, Weirdness & Mutations

You cannot wear most types of armour.
You are amphibious.
You can wear up to eight rings at the same time.
Your skin changes colour to match your surroundings (Stealth+).
Your rubbery body absorbs attacks. (AC +1, EV +1)
((You are camouflaged when in or above water. (Stealth+)))
You have tentacles for arms and can constrict up to eight enemies at once.


Message History

You closely miss the hobgoblin.
The hobgoblin shouts!
You grab the hobgoblin. You constrict the hobgoblin. The hobgoblin hits you.
You hit the hobgoblin but do no damage.
You squeeze the hobgoblin, but do no damage.
The hobgoblin is lightly wounded.
You constrict the hobgoblin. The hobgoblin hits you.
A hobgoblin comes into view.
You hit the hobgoblin. You squeeze the hobgoblin.
You kill the hobgoblin!
A ball python comes into view.
The hobgoblin barely misses you.
You see here a hobgoblin corpse.
The ball python hisses angrily.
You hit the hobgoblin.
You kill the hobgoblin!
The hobgoblin barely misses you. The endoplasm freezes you.
You are frozen.
You see here a hobgoblin corpse.
You closely miss the hobgoblin. You grab the hobgoblin.
You squeeze the hobgoblin, but do no damage.
You constrict the hobgoblin. The hobgoblin hits you.
The endoplasm closely misses you.
You hit the hobgoblin but do no damage.
The hobgoblin is moderately wounded.
You constrict the hobgoblin, but do no damage.
The hobgoblin closely misses you. The endoplasm closely misses you.
The hobgoblin closely misses you.
You hit the hobgoblin.
The hobgoblin is heavily wounded.
You constrict the hobgoblin. The hobgoblin misses you.
The endoplasm closely misses you. The hobgoblin hits you.
* * * LOW HITPOINT WARNING * * *
You release your grip on the hobgoblin.
You see here a hobgoblin corpse.
It was a potion of attraction.
You feel attractive to monsters. The hobgoblin hits you.
You die...

. ###+#..
.......
.......
....... # #
###....... ##
#.###.†.......
#P
#..@gg≈⌠≈≈≈≈≈.
#.
#.##.J≈..PP...
#.#P
#.###S≈P#.#.P.
#.#.
#.###.⌠P#.# ≈.
#.#. #.##....#
# . ##
#.##..P.###. #
#.##..≈.PP..≈
#.....⌠P⌠⌠≈≈⌠
#.##.........


You could see an endoplasm, 2 hobgoblins and a ball python.

Vanquished Creatures
  2 bats (D:1)
  3 hobgoblins (D:1)
  2 jackals (D:1)
  A kobold (D:1)
  A frilled lizard (D:1)
  A rat (D:1)
10 creatures vanquished.

Notes
Turn   | Place    | Note
-------+----------+-------------------------------------------
     0 | D:1      | croobank the Octopode Transmuter began the quest for the
                  | Orb.
     0 | D:1      | Reached XP level 1. HP: 13/13 MP: 3/3
   170 | D:1      | Reached XP level 2. HP: 13/18 MP: 5/5
   173 | D:1      | Learned a level 2 spell: Wereblood
   462 | D:1      | Slain by a hobgoblin

Illustrated notes

Levels and vault maps discovered:
D:1:      lightli_arrival_maybe_door_vault, layout_basic, serial_aquarium,
          aquarium_bridge_square [aquarium_subvault_window,
          aquarium_subvault_bridge, aquarium_subvault_bridge,
          aquarium_subvault_window], aquarium_bridge_straight
          [aquarium_subvault_bridge, aquarium_subvault_balcony,
          aquarium_subvault_bridge, aquarium_subvault_wall], aquarium_window_1,
          aquarium_window_corridor_1, aquarium_window_fake, aquarium_view_2g,
          aquarium_balcony_3b, aquarium_pool_1,
          shapermc_ecumenical_altar_acropolis, serial_park_tiny_pond

Action                   || total
-------------------------++-------
Melee: Unarmed           ||    12
       Constrict         ||     5
       Short sword       ||     9
       Tentacles         ||     3
  Use: Potion            ||     1
 Stab: Sleeping          ||     2
Armor: Skin              ||     2
Dodge: Dodged            ||    15

Table legend: (Time is in decaauts)
 A = Elapsed time spent in this place.
 B = Non-inter-level travel time spent in this place.
 C = Inter-level travel time spent in this place.
 D = Time resting spent in this place.
 E = Time spent auto-exploring this place.
 F = Levels seen in this place.
 G = Mean time per level.
                   A        B        C        D        E       F      G
               +--------+--------+--------+--------+--------+-----+--------+
         Total |    461 |    461 |      0 |      0 |    322 |   1 |  461.0 |
       Dungeon |    461 |    461 |      0 |      0 |    322 |   1 |  461.0 |
               +--------+--------+--------+--------+--------+-----+--------+

Top non-repeatable levels by time:
     D:1: 461 daAuts
